 Dungeon Sprint DCSS version 0.29-a0-364-g921d912d32 (webtiles) character file.

Game seed: 16211716792262769847

1012 mhtbhm the Unseen (level 8, -1/42 HPs)
             Began as a Spriggan Brigand on Apr 30, 2022.
             Was an Initiate of Dithmenos.
             Slain by a deep troll (14 damage)
             ... in the Dungeon (Sprint I: "Red Sonja").
             The game lasted 00:02:29 (916 turns).

mhtbhm the Unseen (Spriggan Brigand)                 Turns: 916, Time: 00:02:30

Health: -1/42      AC:  7    Str:  7    XL:     8   Next: 1%
Magic:  12/12      EV: 18    Int: 12    God:    Dithmenos [......]
Gold:   429        SH:  0    Dex: 19    Spells: 7/7 levels left

rFire   . . .      SeeInvis +   a - +2 dagger
rCold   . . .      Faith    .   (no shield)
rNeg    + . .      Spirit   .   b - +2 robe {rN+}
rPois   .          Reflect  .   (helmet restricted)
rElec   .          Harm     .   c - +2 cloak
rCorr   .          Rampage  .   (gloves unavailable)
Will    +....      NoTele   +   (boots unavailable)
Stlth   ++++++++..              (no amulet)
HPRegen 0.14/turn               (no ring)
MPRegen 0.13/turn               (no ring)

@: very quick
A: very small, no large weapons, unfitting armour, see invisible, speed 3
a: Renounce Religion


You were in the Dungeon.
You worshipped Dithmenos.
Dithmenos was noncommittal.
You visited 1 branch You collected 594 gold pieces.
You spent 165 gold pieces at shops.

Inventory:

Hand Weapons
 a - a +2 dagger (weapon)
Missiles
 d - 8 poisoned darts
 e - a curare-tipped dart (quivered)
Armour
 b - a +2 robe of positive energy (worn)
 c - a +2 cloak (worn)
Wands
 l - a wand of iceblast (6)
Scrolls
 k - a scroll of blinking
Potions
 f - 3 potions of curing
 g - a potion of heal wounds
 h - a potion of haste
 i - 2 potions of magic
 j - a potion of berserk rage
 m - a potion of might {unknown}
 n - 2 potions of brilliance {unknown}
 o - a potion of attraction {unknown}


   Skills:
 + Level 4.5 Fighting
 + Level 6.1 Short Blades
 + Level 6.6 Throwing
 + Level 3.1 Dodging
 + Level 20.7 Stealth
 * Level 4.1 Invocations
 + Level 2.6 Evocations


You had 7 spell levels left.
You didn't know any spells.
Your spell library was empty.

Dungeon Overview and Level Annotations

Branches:
Dungeon (1/1)

Altars:
Cheibriados
Dithmenos
Elyvilon
Fedhas
Gozag
Hepliaklqana
Kikubaaqudgha
Nemelex Xobeh
Okawaru
Qazlal
Ru
Sif Muna
Trog
Uskayaw
Vehumet
Wu Jian
Yredelemnul
Zin
The Shining One

Shops:
D [[


Innate Abilities, Weirdness & Mutations

You are very small and have problems with some larger weapons.
You are too small for most types of armour.
You have supernaturally acute eyesight. (SInv)
You cover ground extremely quickly. (Speed+++)


Message History

The deep troll looks as sick as possible!
The deep troll convulses.
The deep troll seems to be slow for longer.
The deep troll is severely wounded.
Unknown command.
Throw: 3 darts (curare)
Press: ? - help, Q - select action, (/) - cycle Shift-Dir - straight line, f/p - deep troll
Aim: a deep troll (severely wounded, extremely poisoned, slow, 66% to hit)
You throw a curare-tipped dart.
The curare-tipped dart hits the deep troll.
The deep troll looks as sick as possible!
The deep troll convulses.
The deep troll seems to be slow for longer.
The deep troll is severely wounded.
Unknown command.
There is an open door here.
Throw: 2 darts (curare)
Press: ? - help, Q - select action, (/) - cycle Shift-Dir - straight line, f/p - deep troll
Aim: a deep troll (severely wounded, extremely poisoned, slow, 66% to hit)
You throw a curare-tipped dart.
The curare-tipped dart hits the deep troll.
The deep troll looks as sick as possible!
The deep troll convulses.
The deep troll seems to be slow for longer.
The deep troll is almost dead.
Unknown command.
You hit the deep troll.
The deep troll is almost dead.
The deep troll bites you!!
Ouch! That really hurt!
The deep troll misses you. The deep troll claws you!
* * * LOW HITPOINT WARNING * * *
You hit the deep troll but do no damage.
Your punch misses the deep troll.
The deep troll is almost dead.
You hit the deep troll but do no damage.
The deep troll is almost dead.
The deep troll bites you but does no damage.
The deep troll claws you!
You die...

#..#####'#####'#
#..####..#...#.#
#..#__####..##.#
#..#_____##'#_.+
#⌠⌠#_.∩..÷'..._#
####_..__##_.#+#
#_____###'#
############.####+###
#∩........'@T.($(($$+
###++++####.).#######
###.### #.#'#.#
#.....# #..)(.#
#######


You could see a deep troll (extremely poisoned, slow).

Vanquished Creatures
  Sonja (D)
  Sigmund (D)
  A yak (D)
  An ogre (D)
  A jelly (D)
  Ijyb (D)
  A ballistomycete spore (D)
7 creatures vanquished.

Vanquished Creatures (others)
  A ballistomycete spore (D)
1 creature vanquished.

Grand Total: 8 creatures vanquished

Notes
Turn   | Place    | Note
-------+----------+-------------------------------------------
     0 | D        | mhtbhm the Spriggan Brigand began the quest for the Orb.
     0 | D        | Reached XP level 1. HP: 10/10 MP: 2/2
     4 | D        | Noticed Ijyb
     6 | D        | Killed Ijyb
     7 | D        | Reached skill level 9 in Stealth
     7 | D        | Reached XP level 2. HP: 15/15 MP: 3/3
     9 | D        | Noticed an ogre
    12 | D        | Killed an ogre
    13 | D        | Reached skill level 12 in Stealth
    13 | D        | Reached XP level 3. HP: 19/19 MP: 4/4
    13 | D        | Reached XP level 4. HP: 23/23 MP: 5/5
    24 | D        | Noticed Sigmund
    50 | D        | Killed Sigmund
    51 | D        | Reached skill level 16 in Stealth
    51 | D        | Reached XP level 5. HP: 10/28 MP: 6/6
    51 | D        | Reached XP level 6. HP: 12/32 MP: 7/7
   415 | D        | Found an ornate altar of the Wu Jian Council.
   415 | D        | Found a shimmering blue altar of Sif Muna.
   417 | D        | Found a radiant altar of Vehumet.
   427 | D        | Reached skill level 1 in Evocations
   587 | D        | Found Huxtiang's Armour Emporium.
   587 | D        | Found an ancient bone altar of Kikubaaqudgha.
   587 | D        | Found a hazy altar of Hepliaklqana.
   587 | D        | Found a stormy altar of Qazlal.
   587 | D        | Found a hide-covered altar of Uskayaw.
   587 | D        | Found a blossoming altar of Fedhas.
   587 | D        | Found a bloodstained altar of Trog.
   587 | D        | Found an iron altar of Okawaru.
   587 | D        | Found a basalt altar of Yredelemnul.
   587 | D        | Found a glowing golden altar of the Shining One.
   587 | D        | Found a snail-covered altar of Cheibriados.
   587 | D        | Found a sacrificial altar of Ru.
   587 | D        | Found a glowing silver altar of Zin.
   587 | D        | Found a shadowy altar of Dithmenos.
   587 | D        | Found a white marble altar of Elyvilon.
   587 | D        | Noticed a yak
   588 | D        | Found an opulent altar of Gozag.
   589 | D        | Killed a yak
   590 | D        | Reached skill level 5 in Short Blades
   590 | D        | Reached skill level 5 in Throwing
   590 | D        | Reached skill level 18 in Stealth
   608 | D        | Found a sparkling altar of Nemelex Xobeh.
   618 | D        | Bought a +2 cloak for 165 gold pieces
   629 | D        | Became a worshipper of Dithmenos the Shadowed
   643 | D        | Noticed Sonja
   646 | D        | Killed Sonja
   647 | D        | Reached skill level 20 in Stealth
   647 | D        | Reached XP level 7. HP: 24/38 MP: 7/11
   647 | D        | Reached XP level 8. HP: 26/42 MP: 7/12
   696 | D        | Found Nusamui's Antique Armour Boutique.
   902 | D        | Noticed a deep troll
   916 | D        | Slain by a deep troll

Illustrated notes

Levels and vault maps discovered:
D:        dungeon_sprint_1 [red_sonja_temple_1, red_sonja_temple_small_1]

Skill      XL: |  1  2  3  4  5  6 |
---------------+-------------------+-----
Fighting       | 2 3 4 |  4.5
Stealth        | 9 12 16 20 | 20.7
Short Blades   | 3 4 6 |  6.1
Throwing       | 3 4 6 |  6.6
Dodging        | 2 3 |  3.1
Evocations     | 2 |  2.6
Invocations    | 4 |  4.1

Action                   |  1- 3 |  4- 6 |  7- 9 || total
-------------------------+-------+-------+-------++-------
Melee: Dagger            |     2 |     6 |     4 ||    12
Throw: Dart              |       |     8 |     5 ||    13
Evoke: Wand              |       |     5 |       ||     5
 Stab: Sleeping          |     2 |     1 |       ||     3
Armor: Robe              |       |       |     1 ||     1
Dodge: Dodged            |       |     1 |     1 ||     2

Table legend: (Time is in decaauts)
 A = Elapsed time spent in this place.
 B = Non-inter-level travel time spent in this place.
 C = Inter-level travel time spent in this place.
 D = Time resting spent in this place.
 E = Time spent auto-exploring this place.
 F = Levels seen in this place.
 G = Mean time per level.
                   A        B        C        D        E       F      G
               +--------+--------+--------+--------+--------+-----+--------+
         Total |    849 |    849 |      0 |    653 |      0 |   1 |  849.0 |
       Dungeon |    849 |    849 |      0 |    653 |      0 |   1 |  849.0 |
               +--------+--------+--------+--------+--------+-----+--------+

Top non-repeatable levels by time:
       D: 849 daAuts
